Map: [ESL] Alcyone

Players

Astrea

  • Race: Protoss Protoss
  • Spawn Location: 7:00

Kelazhur - Winner!

  • Race: Terran Terran
  • Spawn Location: 1:00

Event: ESL SC2 Masters 2023 Winter (Regional)

VOD

Have the link to the VOD?

Description

Time

  • Played on: Nov. 10, 2023, 12:35 p.m.
  • Length: 11:50

All games in this series

Show
View Real Time Build Order
Export as new Build Order

Astrea Protoss 

Build Orders: Blink Stalkers 

Get SALT Encoding   

  12  0:00  Probe  
  13  0:12  Probe  
  14  0:16  Pylon  
  14  0:24  Probe (Chrono Boost)  
  16  0:36  Gateway, Probe (Chrono Boost)  
  16  0:42  Probe (Chrono Boost)  
  16  0:44  Assimilator  
  17  0:51  Probe  
  17  0:53  Assimilator  
  18  1:03  Probe (Chrono Boost)  
  19  1:11  Pylon  
  19  1:12  Probe (Chrono Boost)  
  19  1:17  Probe (Chrono Boost)  
  20  1:22  Cybernetics Core  
  23  1:29  Probe  
  24  1:41  Probe  
  25  1:53  Probe  
  24  1:58  Adept (Chrono Boost)  
  24  1:59  Warp Gate  
  26  2:05  Probe  
  25  2:18  Probe  
  25  2:23  Stalker (Chrono Boost)  
  27  2:30  Probe  
  27  2:33  Twilight Council  
  28  2:41  Pylon  
  28  2:42  Probe  
  29  2:54  Probe  
  30  3:03  Blink (Chrono Boost)  
  30  3:06  Probe  
  30  3:07  Stalker  
  33  3:18  Probe  
  34  3:30  Probe  
  35  3:34  Nexus  
  35  3:40  Shield Battery  
  35  3:42  Probe  
  35  3:47  Stalker  
  38  3:48  Gateway  
  38  3:53  Pylon  
  38  3:54  Probe  
  39  4:10  Robotics Facility  
  39  4:11  Probe  
  39  4:13  Stalker  
  40  4:19  Gateway  
  41  4:24  Probe  
  41  4:29  Shield Battery  
  41  4:36  Probe  
  42  4:38  Dark Shrine  
  42  4:44  Stalker  
  44  4:48  Probe  
  44  4:51  Probe  
  46  4:58  Stalker  
  48  5:11  Warp Prism  
  50  5:16  Probe  
  50  5:17  Probe  
  50  5:19  Stalker  
  50  5:20  Stalker  
  56  5:25  Stalker  
  58  5:31  Pylon  
  58  5:36  Probe x2  
  58  5:37  Assimilator  
  60  5:43  Stalker  
  60  5:46  Pylon  
  60  5:49  Observer  
  63  5:51  Stalker x2  
  63  5:54  Probe  
  63  5:55  Probe  
  69  6:05  Pylon  
  69  6:09  Dark Templar  
  71  6:14  Zealot  
  71  6:18  Stalker  
  65  6:34  Probe  
  65  6:37  Stalker  
  60  6:47  Stalker x2  
  61  6:55  Probe  
  61  6:59  Observer  
  60  7:05  Dark Templar  
  60  7:07  Probe x2  
  64  7:19  Probe x2  
  65  7:32  Nexus  
  65  7:33  Dark Templar  
  67  7:38  Probe x2  
  67  7:42  Charge  
  69  7:51  Probe  
  69  7:55  Probe  
  71  7:58  Forge  
  71  7:59  Observer  
  71  8:04  Probe  
  71  8:05  Sentry  
  75  8:09  Gateway  
  75  8:10  Gateway  
  73  8:13  Gateway  
  73  8:15  Probe  
  74  8:20  Probe  
  74  8:21  Gateway  
  74  8:27  Probe  
  76  8:29  Gateway  
  76  8:32  Probe  
  77  8:39  Probe  
  77  8:40  Protoss Ground Armor Level 1  
  78  8:45  Probe  
  78  8:47  Zealot x3  
  85  8:51  Probe  
  86  8:56  Immortal (Chrono Boost)  
  86  8:57  Pylon, Probe  
  91  9:08  Zealot x4  
  99  9:20  Zealot x3  
  99  9:24  Shield Battery, Pylon  
  105  9:28  Zealot x2  
  107  9:31  Zealot  
  107  9:34  Zealot  
  107  9:38  Pylon x2  
  104  9:48  Zealot x2  
  102  10:01  Sentry x2, Stalker x3  
  102  10:02  Immortal, Stalker  
  73  10:37  Dark Templar  
  73  10:40  Stalker  
  73  10:41  Stalker x5  
  84  11:03  Dark Templar  
Show
View Real Time Build Order
Export as new Build Order

Kelazhur Terran - Winner!

Build Orders: Cyclone Opening 

Get SALT Encoding   

  12  0:00  SCV  
  13  0:12  SCV  
  14  0:18  Supply Depot  
  14  0:24  SCV  
  15  0:39  SCV  
  15  0:41  Barracks  
  16  0:45  Refinery  
  16  0:51  SCV  
  16  0:55  Refinery  
  17  1:03  SCV  
  18  1:15  SCV  
  19  1:28  Orbital Command, Reaper  
  19  1:32  Engineering Bay  
  20  1:40  Supply Depot  
  20  1:53  Factory  
  20  1:58  SCV  
  21  2:02  Reaper  
  22  2:11  SCV  
  23  2:24  SCV  
  24  2:36  SCV  
  25  2:38  Cyclone  
  25  2:39  Starport  
  25  2:42  Supply Depot  
  27  2:48  SCV  
  28  3:00  SCV  
  29  3:10  Cyclone  
  31  3:14  SCV  
  31  3:16  Command Center  
  32  3:21  Medivac  
  32  3:26  SCV  
  35  3:33  Supply Depot  
  35  3:38  SCV  
  36  3:48  Factory Tech Lab  
  36  3:56  Viking  
  36  3:58  SCV  
  36  4:01  Barracks  
  36  4:02  Barracks, Supply Depot  
  39  4:08  Siege Tank  
  42  4:20  Barracks Reactor  
  42  4:21  SCV  
  43  4:28  Liberator  
  43  4:29  Orbital Command  
  45  4:33  SCV  
  46  4:48  SCV  
  46  4:49  Marine, Engineering Bay  
  46  4:51  Siege Tank  
  51  4:56  SCV  
  51  4:59  Marine x2  
  53  5:08  Orbital Command  
  53  5:10  SCV  
  54  5:15  Barracks Tech Lab x2  
  54  5:22  SCV  
  54  5:25  Marine x2  
  54  5:28  Siege Tank  
  60  5:34  Marauder, SCV  
  63  5:35  Supply Depot  
  63  5:39  Marauder  
  63  5:41  SCV  
  65  5:46  SCV  
  65  5:47  Refinery  
  66  5:50  Marine x2  
  66  5:53  SCV  
  66  5:55  Supply Depot  
  69  5:57  Supply Depot  
  69  5:58  SCV  
  69  6:01  Marauder x2  
  73  6:05  SCV  
  73  6:07  Refinery  
  73  6:08  Marine x2  
  76  6:13  SCV  
  76  6:14  Supply Depot  
  76  6:17  SCV  
  78  6:24  Marauder  
  78  6:25  SCV  
  79  6:29  SCV  
  79  6:31  Marauder, Marine x2  
  79  6:32  Siege Tank  
  84  6:37  SCV  
  71  6:41  Starport Reactor  
  71  6:43  SCV  
  71  6:45  Marauder  
  67  6:49  SCV  
  67  6:50  Missile Turret  
  65  6:55  SCV  
  65  6:56  Marine  
  65  6:57  Marauder  
  65  7:01  SCV  
  65  7:05  Missile Turret  
  65  7:07  Marauder, SCV  
  63  7:09  Marine  
  63  7:14  Siege Tank  
  67  7:16  SCV  
  67  7:22  SCV  
  69  7:27  Marauder  
  69  7:29  SCV  
  72  7:34  SCV  
  72  7:35  Supply Depot  
  73  7:38  Marine x2  
  73  7:40  Marine  
  73  7:41  SCV  
  73  7:43  Stimpack  
  77  7:46  Combat Shield, SCV  
  77  7:53  SCV  
  77  7:58  Marauder, SCV, Marine x2  
  82  8:01  Terran Infantry Weapons Level 1  
  82  8:04  Marauder  
  82  8:05  SCV  
  85  8:10  SCV  
  86  8:16  Marine x2  
  86  8:18  Medivac  
  90  8:20  Marauder  
  90  8:21  Medivac  
  90  8:26  Marauder  
  94  8:27  SCV  
  94  8:28  SCV  
  94  8:30  Supply Depot  
  96  8:35  Marine x2  
  96  8:39  SCV  
  96  8:40  SCV  
  102  8:41  Marauder  
  102  8:42  Supply Depot  
  102  8:43  Siege Tank  
  102  8:46  Supply Depot  
  102  8:47  Marauder  
  107  8:50  Medivac  
  107  8:54  Marine x2  
  107  8:55  SCV, Supply Depot  
  111  8:56  SCV  
  111  8:58  Medivac  
  115  9:05  Marine  
  115  9:08  Marine  
  117  9:12  Marine x2  
  117  9:17  SCV x2  
  117  9:23  Marine  
  120  9:26  Marine  
  120  9:30  Marine x2  
  103  9:41  Marine  
  103  9:44  Marine  
  91  10:04  Liberator  
  88  10:11  Marine  
  86  10:23  Orbital Command  
Tags
 
Add a new tag
Caveats
  • Supply blocks, unpowered buildings, or Contaminate may cause inaccurate times.
  • Supply counts are checked every 10 seconds.